 Dungeon Crawl Stone Soup version 0.26-a0-690-gcb57259078 (webtiles) character file.

Game seed: 614933039891607343

1031 Lavandula the Ducker (level 8, 0/63 HPs)
             Began as a Spriggan Enchanter on Oct 24, 2020.
             Was a Follower of Fedhas.
             Succumbed to a water moccasin's poison
             ... on level 7 of the Dungeon.
             The game lasted 00:17:54 (7467 turns).

Lavandula the Ducker (Spriggan Enchanter)           Turns: 7467, Time: 00:17:55

Health: 0/63       AC: 24    Str:  3 (4)  XL:     8   Next: 3%
Magic:  7/17       EV:  4    Int: 17 (18) God:    Fedhas [*.....]
Gold:   454        SH:  0    Dex: 18 (19) Spells: 4/18 levels left

rFire    . . .     SeeInvis +   w - +5 mace "Liapod" {speed, Dex+2}
rCold    . . .     Faith    .   (shield restricted)
rNeg     + + +     Spirit   .   (armour currently unavailable)
rPois    +         Reflect  .   (helmet currently unavailable)
rElec    .         Harm     .   (cloak currently unavailable)
rCorr    .         Rampage  .   (gloves unavailable)
MR       +....     NoTele   +   (boots unavailable)
Stlth    +++.......             (no amulet)
HPRegen  0.20/turn              f - ring of wizardry
MPRegen  0.15/turn              p - ring of positive energy

@: lethally poisoned (0 -> -10), tree-form
A: very small, unfitting armour, see invisible
a: Renounce Religion


You were on level 7 of the Dungeon.
You worshipped Fedhas.
Fedhas was aware of your devotion.
You were a tree.
You visited 2 branches of the dungeon, and saw 8 of its levels.

You collected 496 gold pieces.
You spent 42 gold pieces at shops.

Inventory:

Hand Weapons
 a - a +1 dagger
 w - the +5 mace "Liapod" (weapon) {speed, Dex+2}
   (You found it on level 5 of the Dungeon)

   Attacks with this weapon are significantly faster.
   It affects your dexterity (+2).
 x - a +4 quarterstaff of chaos
Missiles
 o - 8 poisoned darts (quivered)
Armour
 b - a +1 robe (melded)
 v - a +0 cloak
 y - a scarf of shadows (melded)
Jewellery
 f - a ring of wizardry (left branch)
 p - a ring of positive energy (right branch)
 r - an uncursed ring of fire
Wands
 g - a wand of acid (9)
 n - a wand of iceblast (9)
 q - a wand of random effects (15)
Scrolls
 c - 3 scrolls of teleportation
 d - 2 scrolls of amnesia
 e - 2 scrolls of immolation {unknown}
 h - a scroll of enchant weapon {unknown}
 i - 2 scrolls of enchant armour
 j - 2 scrolls of magic mapping
 k - 2 scrolls of remove curse
 m - a scroll of noise {unknown}
 s - a scroll of fear {unknown}
 u - a scroll of fog {unknown}
Potions
 z - a potion of flight


   Skills:
 + Level 4.4 Fighting
 - Level 1.1 Short Blades
 - Level 6.2 Dodging
 - Level 4.4 Stealth
 - Level 5.8 Spellcasting
 - Level 6.0 Hexes
 - Level 2.6 Transmutations


You had 4 spell levels left.
You knew the following spells:

 Your Spells              Type           Power        Failure   Level
a - Corona                Hex            ####...      1%          1
b - Ensorcelled Hibernat  Hex/Ice        ###...       2%          2
c - Confusing Touch       Hex            ####....     1%          3
d - Tukima's Dance        Hex            ####....     1%          3
e - Dazzling Flash        Conj/Hex       ###...       4%          3
f - Wereblood             Tmut           ##......     2%          2

Your spell library contained the following spells:

 Spells                   Type           Power        Failure   Level
 Beastly Appendage        Tmut           ##....       1%          1
 Spider Form              Tmut/Pois      #.........   9%          3
 Ice Form                 Ice/Tmut       #.......     28%         4
 Blade Hands              Tmut           ##........   43%         5
 Irradiate                Conj/Tmut      #.........   61%         5
 Hydra Form               Tmut           ##........   92%         6
 Statue Form              Tmut/Erth      #........    98%         6
 Dragon Form              Tmut           ##........   100%        7


Dungeon Overview and Level Annotations

Branches:
Dungeon (7/15)             Temple (1/1) D:4

Altars:
Ashenzari
Cheibriados
Dithmenos
Elyvilon
Fedhas
Gozag
Kikubaaqudgha
Okawaru
Qazlal
Ru
Sif Muna
Wu Jian
Xom
Yredelemnul
Zin

Shops:
D:5 ?


Innate Abilities, Weirdness & Mutations

You are very small and have problems with some larger weapons.
You are too small for most types of armour.
You have supernaturally acute eyesight. (SInv)
((You cover ground extremely quickly.))


Message History

You feel sick.
You hear a shout!
Unknown command.
There is a lethal amount of poison in your body!
Okay, then.
You feel agile.
Your branches tingle!
w - the +5 mace "Liapod" (weapon)
{speed, Dex+2}
* * * LOW HITPOINT WARNING * * *
You feel sick.
You swing at nothing.
* * * LOW HITPOINT WARNING * * *
You feel sick.
You swing at nothing.
* * * LOW HITPOINT WARNING * * *
You feel sick.
A shadow imp comes into view.
You swing at nothing.
You die...
Fedhas appreciates your contribution to the ecosystem.

## .5 #. ###..
......##########.##
#....♣...#.../F..
.....#####.#<# ...
#......# # #.##.###
........#
######...# #...#
#.>.. #..<.#


You could see a shadow imp.

Vanquished Creatures
  A water moccasin (D:7)
  2 ogres (D:5)
  A phantom (D:5)
  A bullfrog (D:7)
  A scorpion (D:6)
  A hound (D:5)
  Ijyb (D:2)
  2 orc wizards (D:5)
  4 worker ants
  6 gnolls
  8 adders
  A shadow imp (D:6)
  An ufetubus (D:5)
  An adder zombie (D:5)
  2 oozes
  3 adder skeletons
  2 worms
  A dart slug (D:1)
  7 leopard geckos
  5 orcs
  A ball python (D:6)
  6 giant cockroaches
  14 goblins
  4 hobgoblins
  10 jackals
  7 kobolds
  2 quokkas
  5 bats
  6 frilled lizards
  A leopard gecko skeleton (D:3)
  4 quokka zombies
  3 rats
114 creatures vanquished.

Vanquished Creatures (collateral kills)
  Blork the orc (D:5)
  Crazy Yiuf (D:5)
  2 gnolls (D:5)
4 creatures vanquished.

Vanquished Creatures (others)
  4 toadstools (D:4)
4 creatures vanquished.

Grand Total: 122 creatures vanquished

Notes
Turn   | Place    | Note
-------+----------+-------------------------------------------
     0 | D:1      | Lavandula the Spriggan Enchanter began the quest for the
                  | Orb.
     0 | D:1      | Reached XP level 1. HP: 9/9 MP: 5/5
   389 | D:1      | Reached XP level 2. HP: 13/13 MP: 6/6
   409 | D:1      | Learned a level 2 spell: Ensorcelled Hibernation
   730 | D:1      | Reached skill level 5 in Dodging
   730 | D:1      | Reached XP level 3. HP: 16/16 MP: 2/8
  1050 | D:2      | Learned a level 3 spell: Confusing Touch
  1425 | D:2      | Found a stormy altar of Qazlal.
  1820 | D:2      | Noticed Ijyb
  2180 | D:2      | Reached XP level 4. HP: 19/21 MP: 9/9
  2367 | D:2      | Found a shimmering blue altar of Sif Muna.
  2453 | D:2      | Learned a level 3 spell: Tukima's Dance
  2885 | D:3      | Found a snail-covered altar of Cheibriados.
  4249 | D:2      | Killed Ijyb
  4249 | D:2      | Reached XP level 5. HP: 24/24 MP: 10/13
  4303 | D:4      | Reached skill level 5 in Spellcasting
  4421 | D:4      | Found a staircase to the Ecumenical Temple.
  4465 | Temple   | Entered the Ecumenical Temple
  4510 | Temple   | Became a worshipper of Fedhas Madash
  4820 | D:4      | Learned a level 3 spell: Dazzling Flash
  4960 | D:5      | Entered Level 5 of the Dungeon
  4976 | D:5      | Noticed an ogre
  5001 | D:5      | Killed an ogre
  5001 | D:5      | Reached XP level 6. HP: 29/29 MP: 2/15
  5087 | D:5      | Reached skill level 5 in Hexes
  5097 | D:5      | Learned a level 2 spell: Wereblood
  5172 | D:5      | Found a broken altar of Ashenzari.
  5790 | D:5      | Reached XP level 7. HP: 32/32 MP: 11/16
  5838 | D:5      | Reached skill level 1 in Fighting
  6271 | D:5      | Found Doseit's Magic Scroll Boutique.
  6290 | D:5      | Bought a scroll of magic mapping for 42 gold pieces
  6369 | D:5      | Found an ancient bone altar of Kikubaaqudgha.
  6528 | D:5      | Reached * piety under Fedhas
  6773 | D:5      | Found a runed translucent door.
  6774 | D:5      | Noticed Crazy Yiuf
  6826 | D:5      | Found a basalt altar of Yredelemnul.
  6826 | D:5      | Found an ornate altar of the Wu Jian Council.
  6905 | D:5      | Killed Crazy Yiuf
  6924 | D:5      | Got a brightly glowing mace
  6928 | D:5      | Identified the +5 mace "Liapod" {speed, Dex+2} (You found
                  | it on level 5 of the Dungeon)
  7004 | D:6      | Noticed a shapeshifter
  7004 | D:6      | an orc changed into a shapeshifter
  7004 | D:6      | Noticed a troll
  7004 | D:6      | a shapeshifter changed into a troll
  7128 | D:6      | Noticed Blork the orc
  7141 | D:5      | Killed Blork the orc
  7366 | D:6      | Noticed a guardian serpent
  7397 | D:6      | !guardian serpent!
  7463 | D:7      | Reached XP level 8. HP: 6/42 MP: 6/17
  7464 | D:7      | HP: 3/63 [poisoned by a water moccasin]
  7466 | D:7      | HP: 1/63 [poisoned by a water moccasin]
  7467 | D:7      | Succumbed to a water moccasin's poison

Illustrated notes

!......#.#
#..<....
.........#
#.......
........##
#.......
######..#
##...... #.##
(....#. #.#
[####### #.# .
#># # #@#
#............#
#..........###
#..........#
#..........#
############


Turn 7397 on D:6: !guardian serpent!

Levels and vault maps discovered:
D:1:      giann_horns, layout_rooms
D:2:      kennysheep_the_goblin_king, layout_basic, old_standard_altar,
          nicolae_overflow_crystal_walls
D:3:      layout_basic, lemuel_doored_altar, lemuel_coloured_pillars_altar
D:4:      layout_basic, minmay_temple_entry_water_ring, minmay_gold_behind_fungi
D:5:      layout_rooms, evilmike_ruin_ashenzari, kennysheep_little_box,
          chequers_temple_overflow_statue_of_worship, serial_shops,
          shop_scrolls, minivault_5, hangedman_decor_peaks_small, minivault_19,
          uniq_crazy_yiuf_cottage
D:6:      layout_rooms, old_standard_altar, uniq_blork_the_orc
D:7:      layout_loops_cross, nicolae_overflow_hidden_temple
Temple:   eino_temple_lava

Skill      XL: |  1  2  3  4  5  6  7 |
---------------+----------------------+-----
Dodging        | 4 5 6 |  6.2
Spellcasting   | 4 5 |  5.8
Hexes          | 4 6 |  6.0
Transmutations | 2 |  2.6
Fighting       | 4 |  4.4
Short Blades   | |  1.1
Stealth        | |  4.4

Action                   |  1- 3 |  4- 6 |  7- 9 || total
-------------------------+-------+-------+-------++-------
Melee: Dagger            |   143 |   310 |   122 ||   575
       Quarterstaff      |       |       |    10 ||    10
 Cast: Ensorcelled Hiber |     7 |    30 |    25 ||    62
       Confusing Touch   |     1 |    11 |     4 ||    16
       Dazzling Flash    |       |     2 |     4 ||     6
       Tukima's Dance    |       |       |     4 ||     4
Evoke: Wand              |       |       |     2 ||     2
  Use: Scroll            |     5 |     1 |     2 ||     8
       Potion            |     4 |       |     3 ||     7
 Stab: Sleeping          |    18 |    26 |    13 ||    57
       Confused          |       |    13 |     1 ||    14
       Invisible         |       |     1 |     1 ||     2
Armor: Robe              |     8 |    31 |    12 ||    51
       Skin              |    37 |       |     1 ||    38
Dodge: Dodged            |   111 |   276 |   148 ||   535

Table legend: (Time is in decaauts)
 A = Elapsed time spent in this place.
 B = Non-inter-level travel time spent in this place.
 C = Inter-level travel time spent in this place.
 D = Time resting spent in this place.
 E = Time spent auto-exploring this place.
 F = Levels seen in this place.
 G = Mean time per level.
                   A        B        C        D        E       F      G
               +--------+--------+--------+--------+--------+-----+--------+
         Total |   6133 |   5966 |    167 |   2145 |   2486 |   8 |  766.6 |
       Dungeon |   6086 |   5925 |    161 |   2145 |   2450 |   7 |  869.4 |
        Temple |     47 |     42 |      5 |      0 |     35 |   1 |   47.0 |
               +--------+--------+--------+--------+--------+-----+--------+

Top non-repeatable levels by time:
     D:5: 1509 daAuts
     D:2: 1491 daAuts
     D:3: 1138 daAuts
     D:1: 895 daAuts
     D:4: 821 daAuts
     D:6: 202 daAuts
  Temple: 47 daAuts
     D:7: 27 daAuts
